 Dungeon Crawl Stone Soup version 0.27.1-33-g824d729ab1 (webtiles) character file.

Game seed: 6412026962464528616

31198 Descartes the Destroyer (level 13, -1/94 HPs)
             Began as a Deep Elf Fire Elementalist on Dec 19, 2021.
             Was an Initiate of Gozag.
             Slain by a tarantella (4 damage)
             ... on level 1 of the Spider Nest.
             The game lasted 01:33:45 (26390 turns).

Descartes the Destroyer (DEFE)                     Turns: 26390, Time: 01:33:45

Health: -1/94      AC: 22    Str:  6    XL:     13   Next: 24%
Magic:  23/28      EV:  2    Int: 31    God:    Gozag
Gold:   950        SH:  5    Dex: 15    Spells: 3/30 levels left

rFire    + . .     SeeInvis .   R - +4 dagger (elec)
rCold    + . .     Faith    .   Q - +0 buckler
rNeg     + + +     Spirit   .   (armour currently unavailable)
rPois    +         Reflect  .   (helmet currently unavailable)
rElec    +         Harm     .   (cloak currently unavailable)
rCorr    +         Rampage  .   (gloves currently unavailable)
Will     ++...     NoTele   +   (boots currently unavailable)
Stlth    ++++......             Z - amulet of regeneration
HPRegen  1.25/turn              e - ring of wizardry
MPRegen  0.21/turn              M - +6 ring of intelligence

@: mighty, tree-form, resistant, corroded, gold aura, on berserk cooldown, very
slightly contaminated, slowed, invisible, very slow
A: stationary, stasis, torment immunity, boosted hp, (fire resistance 1),
strong-willed 1
a: End Transformation, Renounce Religion, Potion Petition, Call Merchant, Bribe
Branch


You were on level 1 of the Spider Nest.
You worshipped Gozag.
Gozag was pleased with you.
You were a tree.
You visited 4 branches of the dungeon, and saw 18 of its levels.
You also visited: Ossuary.

You collected 4650 gold pieces.
You spent 1214 gold pieces at shops.
You paid 2486 gold pieces to Gozag.

Inventory:

Hand Weapons
 z - a +0 shortbow
 R - a +4 dagger of electrocution (weapon)
Missiles
 c - 3 throwing nets
 d - 568 stones
 h - 105 sling bullets
 m - 311 arrows
 s - 14 poisoned darts
 y - 6 datura-tipped darts
 A - 3 silver boomerangs
 E - 20 boomerangs
 F - 17 javelins
Armour
 b - a +2 cloak of willpower
 l - a +0 pair of boots (melded)
 w - a +1 helmet (melded)
 D - the +2 ratskin cloak (melded) {*Rats rPois rN+ Str-1 Int-1 Dex+1}
   (You bought it in a shop on level 5 of the Dungeon)

   When the wearer is hurt, rats may emerge from it to assist them.
   Str:       It affects your strength (-1).
   Int:       It affects your intelligence (-1).
   Dex:       It affects your dexterity (+1).
   rPois:     It protects you from poison.
   rN:        It protects you from negative energy.
 I - a +0 robe of willpower (melded)
 Q - a +0 buckler (worn)
Magical Staves
 K - a staff of cold
 V - a staff of earth
Jewellery
 e - a ring of wizardry (left branch)
 M - a +6 ring of intelligence (right branch)
 Z - an amulet of regeneration (around neck)
Wands
 k - a wand of charming (3)
 v - a wand of iceblast (10)
 O - a wand of polymorph (16)
 P - a wand of flame (18)
 Y - a wand of acid (11)
Scrolls
 f - 5 scrolls of teleportation
 i - 3 scrolls of enchant armour
 j - 3 scrolls of amnesia
 n - a scroll of immolation
 q - 3 scrolls of enchant weapon
 r - 6 scrolls of holy word
 u - 4 scrolls of magic mapping
 B - a scroll of fear
 C - 5 scrolls of identify
 G - 4 scrolls of vulnerability
 J - a scroll of blinking
 N - a scroll of fog
 U - 3 scrolls of silence
Potions
 a - 4 potions of might
 g - a potion of mutation
 o - 2 potions of lignification
 t - 2 potions of flight
 x - 3 potions of haste
 H - 4 potions of curing
 L - 3 potions of attraction
 T - a potion of cancellation
 X - 2 potions of brilliance
Miscellaneous
 S - a tin of tremorstones (2/2)
 W - a lightning rod (4/4)


   Skills:
 - Level 10.0 Dodging
 + Level 8.5 Stealth
 - Level 4.0 Shields
 + Level 9.4 Spellcasting
 + Level 11.6 Conjurations
 + Level 6.4 Hexes
 + Level 7.0 Necromancy
 + Level 6.3 Translocations
 + Level 11.5 Fire Magic
 + Level 4.1 Earth Magic
 - Level 5.0 Evocations


You had 3 spell levels left.
You knew the following spells:

 Your Spells              Type           Power      Damage    Failure   Level
a - Foxfire               Conj/Fire      100%       2x1d9     1%          1
b - Sticky Flame          Conj/Fire      72%        2d9       1%          4
c - Fireball              Conj/Fire      36%        3d15      1%          5
d - Sublimation of Blood  Necr           27%        N/A       1%          2
e - Blink                 Tloc           N/A        N/A       1%          2
f - Manifold Assault      Tloc           52%        N/A       2%          5
g - Dazzling Flash        Conj/Hex       100%       N/A       1%          3
h - Borgnjor's Vile Clut  Necr/Erth      24%        N/A       4%          5

Your spell library contained the following spells:

 Spells                   Type           Power      Damage    Failure   Level
 Corona                   Hex            58%        N/A       1%          1
 Magic Dart               Conj           100%       1d8       1%          1
 Static Discharge         Conj/Air       50%        N/A       1%          2
 Conjure Flame            Conj/Fire      72%        6-21      1%          3
 Ignite Poison            Fire/Tmut/Pois 38%        N/A       1%          3
 Inner Flame              Hex/Fire       63%        N/A       1%          3
 Lesser Beckoning         Tloc           26%        N/A       1%          3
 Mephitic Cloud           Conj/Pois/Air  38%        N/A       1%          3
 Call Imp                 Summ           14%        N/A       2%          2
 Wereblood                Tmut           14%        N/A       2%          2
 Cause Fear               Hex            26%        N/A       1%          4
 Fulminant Prism          Conj/Hex       31%        3d16      1%          4
 Bolt of Magma            Conj/Fire/Erth 31%        4d14      1%          5
 Agony                    Necr           55%        N/A       2%          5
 Lightning Bolt           Conj/Air       25%        1d41      3%          5
 Silence                  Hex/Air        17%        N/A       11%         5
 Discord                  Hex            26%        N/A       99%         8
 Summon Hydra             Summ           7%         N/A       100%        7
 Maxwell's Capacitive Co  Air            7%         ∞         100%        8


Dungeon Overview and Level Annotations

Branches:
Dungeon (12/15)            Temple (1/1) D:7            Lair (4/6) D:10
 Spider (1/4) Lair:2          Orc (0/2) D:12        Ossuary (visited)
  Swamp: Lair:2-4    Shoals: Lair:2-4

Altars:
Ashenzari
Cheibriados
Dithmenos
Elyvilon
Fedhas
Gozag
Hepliaklqana
Kikubaaqudgha
Makhleb
Nemelex Xobeh
Okawaru
Qazlal
Ru
Sif Muna
Trog
Uskayaw
Vehumet
Wu Jian
Xom
Yredelemnul
Zin
The Shining One
Jiyva

Shops:
D:1 *   D:5 [   D:7 :   D:8 [   D:10 [


Innate Abilities, Weirdness & Mutations

You are a tree.
Your roots penetrate the ground, keeping you stationary.
You cannot be teleported.
You are immune to unholy pain and torment.
Your maximum health is greatly increased.
Your equipment is partially melded.
((Your flesh is heat resistant. (rF+)))
You are strong-willed. (Will+)


Message History

The jumping spider explodes!
The fiery explosion engulfs you! You resist.
* * * LOW HITPOINT WARNING * * *
The fiery explosion engulfs the jumping spider!!
Flame seeps out of the jumping spider.
The jumping spider is almost dead.
The jumping spider is engulfed in blazing flames.
The jumping spider explodes!
An emperor scorpion comes into view.
The hornet is engulfed in blazing flames.
You kill the hornet!
You hear an angry hiss. x2
Okay, then.
You resist.
* * * LOW HITPOINT WARNING * * *
The moth of wrath is engulfed in blazing flames.
You are too berserk!
You feel a strong urge to attack something.
You resist.
* * * LOW HITPOINT WARNING * * *
The moth of wrath is engulfed in blazing flames.
You resist.
* * * LOW HITPOINT WARNING * * *
You are no longer berserk.
You are exhausted.
You feel yourself slow down.
The tarantella is no longer distracted by gold.
The emperor scorpion is distracted by your dazzling golden aura.
The moth of wrath bites you but does no damage.
You catch the helpless moth of wrath completely off-guard!
You impale the moth of wrath!!
Lightning courses through the moth of wrath!
You kill the moth of wrath!
You resist.
* * * LOW HITPOINT WARNING * * *
The tarantella bites you.
* * * LOW HITPOINT WARNING * * *
The tarantella bites you.
You die...
Your body crumbles into a pile of gold.

... ..#s #
...# $ ..
##.. ####..
#..°°
.$..##
#.$☼# .....
#☼$#s.#
#○.♣#
##...§§.$..
##..§§..#.
########


You could see an emperor scorpion (wandering) and a tarantella.

Vanquished Creatures
  An entropy weaver (Spider:1)
  Harold (D:11)
  Erolcha (D:11)
  A boulder beetle (D:11)
  2 catoblepae
  A centaur warrior (D:9)
  4 two-headed ogres
  Urug (Lair:3)
  Pikel (D:7)
  An ugly thing (D:6)
  A moth of wrath (Spider:1)
  A manticore (D:11)
  3 black mambas
  3 elephants (Lair:4)
  5 cane toads
  5 komodo dragons
  An unseen horror (D:12)
  3 trolls
  5 jumping spiders (Spider:1)
  Prince Ribbit (D:7)
  A hornet (Spider:1)
  4 slime creatures
  4 dream sheep (Lair:4)
  9 blink frogs
  Sigmund (D:2)
  5 wyverns
  3 redbacks (Spider:1)
  A wraith (D:10)
  21 yaks
  3 basilisks
  A steam dragon (D:9)
  2 wargs (D:10)
  Menkaure (D:5)
  2 vampire mosquitoes (D:12)
  7 water moccasins
  An acid dragon (D:8)
  2 ice beasts
  A black bear (D:5)
  An orc warrior (D:10)
  2 ogres
  12 centaurs
  3 phantoms
  2 lemures (D:8)
  2 elf zombies (Ossuary)
  4 scorpions
  Blork the orc (D:5)
  A wyvern zombie (D:8)
  12 bullfrogs
  16 killer bees
  3 howler monkeys
  3 electric eels
  8 jellies
  3 centaur zombies
  2 bullfrog skeletons
  5 iguanas
  3 orc priests
  7 hounds
  A centaur skeleton (D:7)
  13 orc wizards
  A hound skeleton (D:5)
  2 mummies
  Robin (D:4)
  2 howler monkey zombies
  8 adders
  A howler monkey skeleton (D:6)
  A white imp (D:3)
  2 ufetubi
  An adder zombie (Ossuary)
  A worm (D:3)
  25 orcs
  5 endoplasms
  3 giant cockroaches
  9 goblins
  8 hobgoblins
  2 quokkas
  4 ball pythons
  3 bats
  4 frilled lizards
  A goblin zombie (Ossuary)
  15 hobgoblin zombies (Ossuary)
  3 jackal zombies (Ossuary)
  5 kobolds
  6 kobold zombies (Ossuary)
  8 orc zombies (Ossuary)
  2 rats
338 creatures vanquished.

Vanquished Creatures (collateral kills)
  20 foxfires
20 creatures vanquished.

Vanquished Creatures (others)
  2055 foxfires
  7 fungi
  29 plants
2091 creatures vanquished.

Grand Total: 2449 creatures vanquished

Notes
Turn   | Place    | Note
-------+----------+-------------------------------------------
     0 | D:1      | Descartes the Deep Elf Fire Elementalist began the quest
                  | for the Orb.
     0 | D:1      | Reached XP level 1. HP: 10/10 MP: 6/6
   150 | D:1      | Found Alites's Assorted Antiques.
   610 | D:1      | Found a faded altar of an unknown god.
  1000 | D:2      | Reached XP level 2. HP: 15/15 MP: 5/8
  1129 | D:2      | Noticed Sigmund
  1552 | D:2      | Killed Sigmund
  1553 | D:2      | Reached XP level 3. HP: 5/19 MP: 1/10
  1553 | D:2      | Reached XP level 4. HP: 6/24 MP: 1/12
  1553 | D:2      | Reached XP level 5. HP: 7/28 MP: 1/13
  3500 | D:4      | Noticed a phantom
  3538 | D:3      | Killed a phantom
  3539 | D:3      | Reached XP level 6. HP: 23/32 MP: 8/15
  3874 | D:4      | Reached skill level 5 in Spellcasting
  3984 | D:4      | Reached skill level 5 in Fire Magic
  4152 | D:4      | Reached skill level 5 in Dodging
  4256 | D:4      | Reached XP level 7. HP: 6/36 MP: 10/16
  4574 | D:4      | Noticed Robin
  4592 | D:4      | Killed Robin
  5195 | D:5      | Entered Level 5 of the Dungeon
  5198 | D:5      | Identified a scroll of acquirement
  5200 | D:5      | Acquired a +2 cloak of willpower
  5226 | D:5      | Found Kawievy's Armour Boutique.
  5239 | D:5      | Noticed Menkaure
  5244 | D:5      | Killed Menkaure
  5261 | D:5      | Reached skill level 5 in Conjurations
  5490 | D:5      | Found a blossoming altar of Fedhas.
  5519 | D:5      | Noticed Blork the orc
  5621 | D:5      | Found a sand-covered staircase.
  5635 | Ossuary  | Entered an ossuary
  5811 | Ossuary  | Reached XP level 8. HP: 41/41 MP: 13/17
  6845 | D:5      | Killed Blork the orc
  7516 | D:5      | Learned a level 4 spell: Sticky Flame
  7522 | D:5      | Learned a level 5 spell: Fireball
  7674 | D:5      | HP: 2/41 [phantom (1)]
  7930 | D:5      | Reached XP level 9. HP: 45/45 MP: 11/18
  9383 | D:7      | Found a sparkling altar of Nemelex Xobeh.
  9471 | D:7      | Found Burch's Book Boutique.
  9479 | D:7      | Noticed Prince Ribbit
  9487 | D:7      | Killed Prince Ribbit
  9633 | D:7      | Found a staircase to the Ecumenical Temple.
  9642 | Temple   | Entered the Ecumenical Temple
  9737 | Temple   | Became a worshipper of Gozag Ym Sagoz the Greedy
 10093 | D:7      | Noticed a green ugly thing
 10151 | D:6      | Killed a green ugly thing
 10375 | D:1      | Found Alites's Assorted Antiques.
 10383 | D:1      | Bought a runed robe for 66 gold pieces
 10383 | D:1      | Bought a scroll of identify for 36 gold pieces
 10383 | D:1      | Bought a scroll labelled ZOERECR ANGAO for 18 gold pieces
 10383 | D:1      | Bought a potion of curing for 54 gold pieces
 10383 | D:1      | Bought a scroll of enchant armour for 135 gold pieces
 10707 | D:1      | Found a faded altar of an unknown god.
 11256 | D:8      | Reached skill level 10 in Dodging
 11269 | D:7      | Reached XP level 10. HP: 24/50 MP: 3/19
 12363 | D:8      | Learned a level 2 spell: Sublimation of Blood
 12531 | D:8      | Found Avveinou's Armour Shoppe.
 12642 | D:8      | Noticed Pikel
 12659 | D:7      | Killed Pikel
 12660 | D:7      | Reached skill level 10 in Fire Magic
 13058 | D:8      | Reached skill level 10 in Conjurations
 13058 | D:8      | Reached skill level 1 in Necromancy
 13173 | D:8      | Reached skill level 1 in Evocations
 13842 | D:9      | Noticed a centaur warrior
 13849 | D:9      | Killed a centaur warrior
 13850 | D:9      | Reached skill level 1 in Translocations
 13887 | D:9      | Noticed a two-headed ogre
 14296 | D:9      | Killed a two-headed ogre
 14300 | D:9      | Learned a level 2 spell: Blink
 14306 | D:9      | Learned a level 5 spell: Manifold Assault
 14410 | D:9      | Found a viscous altar of Jiyva.
 14544 | D:10     | Entered Level 10 of the Dungeon
 14570 | D:10     | Reached XP level 11. HP: 47/54 MP: 0/22
 14721 | D:10     | Learned a level 3 spell: Dazzling Flash
 14852 | D:10     | Reached skill level 5 in Stealth
 14993 | D:10     | Reached skill level 1 in Hexes
 15114 | D:10     | Found a radiant altar of Vehumet.
 15479 | D:10     | Found a staircase to the Lair.
 15507 | D:10     | Found Ici Meef's Armour Boutique.
 15618 | D:10     | Reached skill level 1 in Shields
 16039 | D:10     | Found an ornate altar of the Wu Jian Council.
 16066 | D:10     | Found a glowing silver altar of Zin.
 16341 | D:11     | Noticed Harold
 16477 | D:11     | Killed Harold
 16639 | D:11     | Noticed Erolcha
 16649 | D:11     | Killed Erolcha
 16861 | D:11     | Noticed a two-headed ogre
 16876 | D:11     | Killed a two-headed ogre
 17331 | D:11     | Noticed a boulder beetle
 17360 | D:11     | Killed a boulder beetle
 17789 | D:11     | Reached skill level 5 in Necromancy
 18109 | D:12     | Noticed a two-headed ogre
 18136 | D:12     | Killed a two-headed ogre
 18389 | D:10     | Found a shimmering altar of Xom.
 18431 | Lair:1   | Entered Level 1 of the Lair of Beasts
 18583 | Lair:1   | Acquired 1232 gold pieces
 18713 | D:7      | Bought the Almanac of Dusty Execration for 572 gold pieces
 18910 | Lair:1   | Reached XP level 12. HP: 14/59 MP: 9/25
 18920 | Lair:1   | Reached skill level 1 in Earth Magic
 19095 | Lair:1   | Gained mutation: You sometimes lose the ability to read
                  | scrolls when taking damage. [potion of mutation]
 19095 | Lair:1   | Gained mutation: Your spells are a little easier to cast,
                  | but a little less powerful. [potion of mutation]
 19095 | Lair:1   | Gained mutation: Your flesh is cold resistant. (rC+)
                  | [potion of mutation]
 19096 | Lair:1   | Lost mutation: You sometimes lose the ability to read
                  | scrolls when taking damage. [potion of mutation]
 19096 | Lair:1   | Gained mutation: Your mind is acute. (Int +2) [potion of
                  | mutation]
 19096 | Lair:1   | Gained mutation: Your mind is very acute. (Int +4) [potion
                  | of mutation]
 19097 | Lair:1   | Lost mutation: Your spells are a little easier to cast, but
                  | a little less powerful. [potion of mutation]
 19097 | Lair:1   | Lost mutation: Your mind is very acute. (Int +4) [potion of
                  | mutation]
 19097 | Lair:1   | Gained mutation: You are occasionally teleported next to
                  | monsters. [potion of mutation]
 19097 | Lair:1   | Gained mutation: Your flesh is heat resistant. (rF+)
                  | [potion of mutation]
 19097 | Lair:1   | Gained mutation: You are strong-willed. (Will+) [potion of
                  | mutation]
 19098 | Lair:1   | Lost mutation: Your flesh is cold resistant. (rC+) [potion
                  | of mutation]
 19098 | Lair:1   | Lost mutation: You are occasionally teleported next to
                  | monsters. [potion of mutation]
 19098 | Lair:1   | Lost mutation: Your mind is acute. (Int +2) [potion of
                  | mutation]
 19858 | D:5      | Bought the +2 ratskin cloak {*Rats rPois rN+ Str-1 Int-1
                  | Dex+1} for 333 gold pieces
 19858 | D:5      | Found the +2 ratskin cloak {*Rats rPois rN+ Str-1 Int-1
                  | Dex+1}
 20425 | D:12     | Reached skill level 5 in Evocations
 20448 | D:11     | Acquired 681 gold pieces
 20653 | D:12     | Found a staircase to the Orcish Mines.
 20668 | D:12     | Noticed a two-headed ogre
 20677 | D:12     | Killed a two-headed ogre
 20845 | D:12     | Reached skill level 5 in Translocations
 21716 | Lair:2   | Noticed a catoblepas
 21740 | Lair:1   | Killed a catoblepas
 21828 | Lair:1   | Reached skill level 5 in Hexes
 22520 | Lair:2   | Found a hole to the Spider Nest.
 22645 | Lair:2   | Noticed a catoblepas
 23116 | Lair:2   | Killed a catoblepas
 23817 | Lair:2   | Found a white marble altar of Elyvilon.
 24286 | Lair:3   | Noticed Urug
 24415 | Lair:3   | Learned a level 5 spell: Borgnjor's Vile Clutch
 24904 | Lair:3   | Killed Urug
 25829 | Lair:4   | Reached XP level 13. HP: 63/63 MP: 12/28
 26052 | Lair:4   | Identified the +0 morningstar "Goblin's Undoing" {vorpal,
                  | Str+7 Int-4 Stlth+}
 26373 | Spider:1 | Entered Level 1 of the Spider Nest
 26373 | Spider:1 | Noticed an entropy weaver
 26378 | Spider:1 | Killed an entropy weaver
 26386 | Spider:1 | Noticed an emperor scorpion
 26390 | Spider:1 | HP: 3/94 [tarantella (6)]
 26390 | Spider:1 | Slain by a tarantella

Illustrated notes

Levels and vault maps discovered:
D:1:      lightli_arrival_windingriver, layout_basic, serial_shops,
          nicolae_shop_statue_plus, hellmonk_ecumenical_altar_arch_garden
D:2:      layout_basic, uniq_sigmund
D:3:      layout_basic, grunt_ministairs_14, minivault_27, minivault_27,
          kennysheep_nondescript, st_stairs_6
D:4:      layout_basic, uniq_robin
D:5:      minmay_chambers_of_threes, layout_rooms,
          fedhas_bush_and_centaur_altar, gup_ossuary_entry_pyramid,
          nicolae_inconvenience_store, hangedman_decor_points, uniq_menkaure,
          uniq_blork_the_orc
D:6:      layout_basic, serial_bayou_pond_b, amcnicky_mini_corridor_feature
D:7:      layout_basic, amcnicky_altar_gilded, minmay_temple_entry_tees,
          serial_shops, nicolae_square_shop, kennysheep_generic_room_14,
          uniq_prince_ribbit1
D:8:      layout_loops_cross, serial_shops, kennysheep_little_box, uniq_pikel
D:9:      layout_rooms, jiyva_altar_1
D:10:     layout_basic, vehumet_crystals, nicolae_overflow_hidden_temple,
          mainiacjoe_overflow_two_lobes, erik_lair_orcish_takeover,
          serial_shops, kennysheep_mini
D:11:     layout_long_grid, uniq_harold, uniq_erolcha
D:12:     layout_basic, david_orc_2
Temple:   regret_index_temple_sphere_string
Lair:1:   layout_long_grid
Lair:2:   layout_hall_layers, spider_nest_entry_a, lemuel_centaur_altar,
          infiniplex_staircase_pool
Lair:3:   layout_layer_cave, st_stairs_10, chequers_serial_rivers_micro_b,
          minivault_23, uniq_urug
Lair:4:   layout_regular_city, minmay_shoals_entry_centaurs
Spider:1: layout_spider_delve

Skill      XL: |  1  2  3  4  5  6  7  8  9 10 11 12 13 |
---------------+----------------------------------------+-----
Dodging        | 4 5 6 8 10 | 10.0
Stealth        | 3 4 6 8 |  8.5
Spellcasting   | 4 5 6 7 9 |  9.4
Conjurations   | 2 3 4 5 7 8 10 11 | 11.6
Fire Magic     | 4 5 6 7 9 10 11 | 11.5
Necromancy     | 3 5 6 7 |  7.0
Evocations     | 2 4 5 |  5.0
Translocations | 2 4 5 6 |  6.3
Hexes          | 4 6 |  6.4
Shields        | 2 3 4 |  4.0
Earth Magic    | 3 4 |  4.1

Action                   |  1- 3 |  4- 6 |  7- 9 | 10-12 | 13-15 || total
-------------------------+-------+-------+-------+-------+-------++-------
Melee: Unarmed           |       |     1 |       |       |       ||     1
       Falchion          |       |       |    17 |     8 |       ||    25
       Dagger            |       |       |       |    22 |     4 ||    26
 Cast: Foxfire           |    39 |   141 |   472 |   599 |     9 ||  1260
       Sticky Flame      |       |       |     1 |   102 |     6 ||   109
       Blink             |       |       |       |    14 |       ||    14
       Dazzling Flash    |       |       |       |     2 |     1 ||     3
       Fireball          |       |       |       |    18 |     1 ||    19
       Manifold Assault  |       |       |       |     2 |       ||     2
       Borgnjor's Vile C |       |       |       |     1 |       ||     1
Invok: Potion Petition   |       |       |       |     5 |     3 ||     8
Evoke: Wand              |       |       |       |     4 |       ||     4
  Use: Potion            |     2 |     3 |     4 |    10 |     1 ||    20
       Scroll            |       |     1 |    14 |    10 |     1 ||    26
 Stab: Sleeping          |       |     1 |       |     2 |       ||     3
       Invisible         |       |       |       |     1 |     1 ||     2
Armor: Robe              |       |     2 |    46 |    77 |     2 ||   127
       Skin              |       |       |     1 |       |    14 ||    15
Dodge: Dodged            |     3 |    38 |   160 |   271 |    10 ||   482
Block: Buckler           |       |       |       |     6 |       ||     6
       Rpst.: Falchion   |       |    11 |    43 |    26 |       ||    80
